 Dungeon Crawl Stone Soup version 0.17.0-28-g6e173f8 (webtiles) character file.

1337 Ijustatesigmund the Covert (level 8, -9/51 HPs)
             Began as a Kobold Assassin on Nov 22, 2015.
             Was an Initiate of Cheibriados.
             Killed by divine providence
             ... invoked by an orc priest
              (16 damage)
             ... on level 4 of the Dungeon.
             The game lasted 00:24:34 (6884 turns).

Ijustatesigmund the Covert (Kobold Assassin)        Turns: 6884, Time: 00:24:34

Health: -9/51      AC:  7    Str: 10    XL:     8   Next: 92%
Magic:  8/8        EV: 14    Int: 12    God:    Cheibriados [......]
Gold:   314        SH:  0    Dex: 19    Spells: 2 memorised, 2 levels left

rFire  + . .     SeeInvis .     a - +2 dagger
rCold  x . .     Clarity  .     c - +0 robe
rNeg   . . .     SustAt   .     (shield restricted)
rPois  .         Gourm    .     h - +1 helmet
rElec  .         Spirit   .     d - +0 cloak
rCorr  .         Warding  .     C - +1 pair of gloves
rMut   .         Stasis   .     (no boots)
MR     .....                    x - amulet of inaccuracy (curse)
Stlth  +++++.....               (no ring)
                                l - ring of fire

@: very slow, not resistant to hostile enchantments, quite stealthy
A: carnivore 3
a: Bend Time, Renounce Religion


You were on level 4 of the Dungeon.
You worshipped Cheibriados.
Cheibriados was noncommittal.
You were full.

You visited 2 branches of the dungeon, and saw 7 of its levels.

You collected 314 gold pieces.

Inventory:

Hand Weapons
 a - a +2 dagger (weapon)
 b - a +2 blowgun
 v - a +0 dagger of freezing
Missiles
 e - 12 poisoned needles
Armour
 c - a +0 robe (worn)
 d - a +0 cloak (worn)
 h - a +1 helmet (worn)
 q - the +3 plate armour "Lyoh" {rC+ rCorr Dex+5 Stlth-}
   (You found it on level 4 of the Dungeon)

   It affects your dexterity (+5).
   It protects you from cold.
   It protects you from acid and corrosion.
   It makes you less stealthy.
 C - a +1 pair of gloves (worn)
Jewellery
 l - a ring of fire (left hand)
 x - a cursed amulet of inaccuracy (around neck)
Wands
 w - a wand of confusion (0)
 B - a wand of lightning (0)
Scrolls
 f - 4 scrolls of immolation
 k - 2 scrolls of fog
 A - a scroll of amnesia
Potions
 i - a potion of mutation {unknown}
 j - 2 potions of magic
 m - 2 potions of heal wounds {unknown}
 o - a potion of might {unknown}
 s - a potion of cure mutation
 u - 2 potions of brilliance
Books
 p - a book of Hinderance

   Spells                             Type                      Level
   a - Confusing Touch                Hexes                        2
   b - Confuse                        Hexes                        3
   c - Gell's Gravitas                Hexes/Translocation          3
   d - Petrify                        Transmutation/Earth          4
   e - Metabolic Englaciation         Hexes/Ice                    5
 z - a book of Alchemy

   Spells                             Type                      Level
   a - Sublimation of Blood           Necromancy                   2
   b - Ignite Poison                  Fire/Transmutation/Poison    3
   c - Alistair's Intoxication        Transmutation/Poison         4
   d - Condensation Shield            Ice                          4
   e - Petrify                        Transmutation/Earth          4
   f - Irradiate                      Conjuration/Transmutation    5
Comestibles
 g - 2 meat rations
 r - a slice of pizza
 t - a beef jerky


   Skills:
 * Level 6.0 Fighting
 + Level 6.2 Short Blades
 - Level 6.0 Throwing
 - Level 1.2 Dodging
 + Level 8.3 Stealth
 - Level 3.1 Hexes


You had 2 spell levels left.
You knew the following spells:

 Your Spells              Type           Power        Failure   Level  Hunger
a - Confusing Touch       Hex            #.....       14%         2    ###....
b - Confuse               Hex            #.......     30%         3    ####...


Dungeon Overview and Level Annotations

Branches:
Dungeon (6/15)             Temple (1/1) D:5

Altars:
Ashenzari
Cheibriados
Elyvilon
Fedhas
Gozag
Kikubaaqudgha
Makhleb
Nemelex Xobeh
Okawaru
Qazlal
Ru
Sif Muna
Trog
Xom
Zin

Annotations:
D:5 Grinder


Innate Abilities, Weirdness & Mutations

You are small and have problems with some larger weapons.
You are carnivorous and can eat meat at any time.


Message History

The orc priest hits you with a club!
* * * LOW HITPOINT WARNING * * *
You closely miss the orc priest.
The orc priest is heavily wounded.
The orc priest hits you but does no damage.
You hit the orc priest.
The orc priest is severely wounded.
You hit the orc priest but do no damage.
The orc priest is severely wounded.
The orc priest misses you.
You hit the orc priest.
The orc priest is severely wounded.
You hit the orc priest but do no damage.
The orc priest is severely wounded.
The orc priest closely misses you.
You hit the orc priest but do no damage.
The orc priest is severely wounded.
The orc priest calls down the wrath of Beogh upon you.
Something smites you!
You die...

#.#########
#.# #.# #.#
#.# #.# #.#
#########.#
#.#
#.......#.#
#.#
#.#####...#
#$# #.#
#.### #o##
#.# #.#
#.#@#
#.#####.#
#.###)#
#.##....#
#.# #.#
#.##.##.#
#.# #.#
#.##.##.#
## ##
#.##.##.#
#.##.##.# #
#.##.##.# #
#....(..###
####......#


You could see an orc priest.

Vanquished Creatures
  Edmund (D:4)
  3 ogres
  2 centaurs (D:6)
  Blork the orc (D:4)
  2 scorpions (D:4)
  3 orc wizards
  Crazy Yiuf (D:3)
  A giant frog skeleton (D:4)
  2 orc priests (D:3)
  Terence (D:2)
  2 worker ants
  A hound zombie (D:3)
  Robin (D:4)
  8 gnolls
  11 adders
  2 shadow imps
  3 oozes
  A worm (D:3)
  5 giant geckos
  13 orcs
  A ball python (D:2)
  3 giant cockroaches
  11 goblins
  13 hobgoblins
  7 jackals
  10 kobolds
  3 quokkas (D:4)
  A ball python skeleton (D:4)
  5 bats
  A giant gecko skeleton (D:6)
  5 giant newts
  2 quokka skeletons (D:4)
  8 rats
134 creatures vanquished.

Notes
Turn   | Place    | Note
--------------------------------------------------------------
     0 | D:1      | Ijustatesigmund the Kobold Assassin began the quest for the Orb.
     0 | D:1      | Reached XP level 1. HP: 12/12 MP: 1/1
   106 | D:1      | Reached XP level 2. HP: 17/17 MP: 2/2
   466 | D:1      | Reached skill level 6 in Stealth
   466 | D:1      | Reached XP level 3. HP: 21/21 MP: 3/3
   968 | D:2      | Noticed Terence
   970 | D:2      | Killed Terence
   970 | D:2      | Reached XP level 4. HP: 26/26 MP: 4/4
  1302 | D:2      | Reached skill level 7 in Stealth
  1394 | D:2      | Reached XP level 5. HP: 30/30 MP: 5/5
  1739 | D:2      | Found a sparkling altar of Nemelex Xobeh.
  1954 | D:2      | Reached skill level 5 in Short Blades
  2488 | D:3      | Reached XP level 6. HP: 35/35 MP: 6/6
  2600 | D:3      | Learned a level 2 spell: Confusing Touch
  2976 | D:3      | Found a sacrificial altar of Ru.
  3156 | D:3      | Reached skill level 5 in Throwing
  3199 | D:3      | Noticed Crazy Yiuf
  3209 | D:3      | Killed Crazy Yiuf
  3280 | D:3      | Reached XP level 7. HP: 40/40 MP: 7/7
  3952 | D:4      | Reached skill level 1 in Hexes
  3999 | D:4      | Noticed Robin
  4025 | D:4      | Killed Robin
  4266 | D:4      | Noticed Edmund
  4318 | D:4      | Killed Edmund
  4318 | D:4      | Reached XP level 8. HP: 15/48 MP: 8/8
  4579 | D:4      | Noticed Blork the orc
  4594 | D:4      | Killed Blork the orc
  5253 | D:4      | Got a polished plate armour
  5289 | D:5      | Entered Level 5 of the Dungeon
  5346 | D:5      | Identified the +3 plate armour "Lyoh" {rC+ rCorr Dex+5 Stlth-} (You found it on level 4 of the Dungeon)
  5377 | D:5      | Reached skill level 5 in Fighting
  5469 | D:5      | Found a staircase to the Ecumenical Temple.
  5480 | Temple   | Entered the Ecumenical Temple
  5614 | Temple   | Became a worshipper of Cheibriados the Contemplative
  5777 | D:5      | Noticed Grinder
  5958 | D:6      | Reached skill level 8 in Stealth
  6338 | D:6      | Found a deep blue altar of Sif Muna.
  6646 | D:6      | Learned a level 3 spell: Confuse
  6884 | D:4      | Killed from afar by an orc priest

Action                   |  1- 3 |  4- 6 |  7- 9 || total
-------------------------+-------+-------+-------++-------
Melee: Dagger            |    78 |   177 |   296 ||   551
 Fire: Blowgun           |       |    32 |    57 ||    89
Throw: Throwing net      |       |     1 |       ||     1
Evoke: Wand              |       |       |     5 ||     5
  Use: Scroll            |     2 |    10 |     7 ||    19
       Potion            |       |     1 |     4 ||     5
 Stab: Sleeping          |     8 |    22 |    21 ||    51
       Held in net/web   |       |     1 |       ||     1
       Distracted        |       |       |     3 ||     3
  Eat: Chunk             |     7 |     9 |     9 ||    25
